 Dungeon Crawl Stone Soup version 0.19-a0-1834-g6b7851e (webtiles) character file.

38931 kae the Fencer (level 14, -5/111 HPs)
             Began as a Formicid Fighter on Oct 9, 2016.
             Was the Champion of Okawaru.
             Killed from afar by a hell hound (37 damage)
             ... with a blast of flame
             ... on level 6 of the Lair of Beasts.
             The game lasted 00:24:12 (16824 turns).

kae the Fencer (Formicid Fighter)                  Turns: 16824, Time: 00:24:13

Health: -5/111     AC: 15    Str: 26    XL:     14   Next: 36%
Magic:  19/21      EV: 17    Int: 10    God:    Okawaru [******]
Gold:   1000       SH: 16    Dex: 23    Spells: 0 memorised, 13 levels left

rFire  x . .     SeeInvis +     a - +6 triple sword (elec)
rCold  . . .     Gourm    +     z - +3 scale mail {rPois}
rNeg   . . .     Faith    .     c - +0 shield
rPois  +         Spirit   .     (helmet unavailable)
rElec  +         Dismiss  .     J - +0 cloak of Efifuuhuq {-Tele rElec rF- Dex+7}
rCorr  .         Reflect  .     (no gloves)
MR     +....     Harm     .     T - +2 pair of boots {run}
Stlth  ++........               e - amulet of the gourmand
                                B - +3 ring of evasion
                                j - +6 ring of dexterity

@: heroism, quick
A: permanent stasis, dig shafts and tunnels, four strong arms, antennae 3,
strong 1
a: Dig, Shaft Self, Heroism, Finesse, Renounce Religion


You were on level 6 of the Lair of Beasts.
You worshipped Okawaru.
Okawaru was exalted by your worship.
You were completely stuffed.

You visited 2 branches of the dungeon, and saw 16 of its levels.
You also visited: Volcano.

You collected 1206 gold pieces.
You spent 206 gold pieces at shops.

Inventory:

Hand Weapons
 a - a +6 triple sword of electrocution (weapon)
 b - a +1 great mace of holy wrath
 x - a +2 double sword of draining
 D - a +2 falchion of freezing
Armour
 c - a +0 shield (worn)
 m - a +1 ring mail of fire resistance
 z - a +3 scale mail of poison resistance (worn)
 J - the +0 cloak of Efifuuhuq (worn) {-Tele rElec rF- Dex+7}
   (Okawaru gifted it to you on level 10 of the Dungeon)

   It affects your dexterity (+7).
   It makes you vulnerable to fire.
   It insulates you from electricity.
   It prevents most forms of teleportation.
 T - a +2 pair of boots of running (worn)
Jewellery
 e - an amulet of the gourmand (around neck)
 j - a +6 ring of dexterity (left hand)
 w - an uncursed ring of positive energy
 A - an uncursed ring of poison resistance
 B - a +3 ring of evasion (right hand)
 C - an uncursed amulet of magic regeneration
 E - a +3 ring of intelligence
 N - an uncursed ring of ice
Wands
 y - a wand of flame (20/48)
 K - a wand of confusion (22/48)
 Q - a wand of paralysis (15/24)
Scrolls
 k - 7 scrolls of enchant weapon
 n - 5 scrolls of remove curse
 o - 3 scrolls of enchant armour
 r - 3 scrolls of immolation
 t - a scroll of recharging
 F - a scroll of identify
 I - 2 scrolls of amnesia
 S - a scroll of fear
Potions
 d - 5 potions of might
 g - a potion of invisibility
 h - a potion of brilliance
 i - 5 potions of curing
 l - 2 potions of ambrosia
 q - 3 potions of cancellation
 s - a potion of flight
 v - a potion of mutation
 G - 3 potions of agility
 L - 2 potions of magic
 O - 3 potions of heal wounds
Comestibles
 f - 14 bread rations
 p - a slice of pizza
 u - 5 meat rations
 H - 2 beef jerkies
 P - 11 chunks of flesh
 R - 15 royal jellies


   Skills:
 - Level 10.6(15.6) Fighting
 * Level 17.3(22.3) Long Blades
 - Level 3.2(8.2) Armour
 - Level 11.0(16.0) Shields
 - Level 10.2 Invocations


You had 13 spell levels left.
You didn't know any spells.

Dungeon Overview and Level Annotations

Branches:
Dungeon (10/15)            Temple (0/1) D:4            Lair (6/6) D:10
 Shoals (0/4) Lair:3        Slime (0/5) Lair:5
  Snake: Lair:2-4    Spider: Lair:2-4       Orc: D:9-12

Altars:
Dithmenos
Fedhas
Okawaru
Sif Muna
Trog
Uskayaw
Xom
Yredelemnul
Beogh
Jiyva

Shops:
D:4 (   D:9 !


Innate Abilities, Weirdness & Mutations

You are under a permanent stasis effect.
You can dig through walls and to a lower floor.
Your four strong arms can wield two-handed weapons with a shield.
You have a pair of large antennae on your head. (SInv)
Your muscles are strong. (Str +2)


Message History

a crooked smoking staff; 13 gold pieces; 14 gold pieces; 7 gold pieces You hit the polar bear.
There is a sudden explosion of sparks!
You kill the polar bear!
Okawaru accepts your kill. You block the wolf's attack.
You hear an angry growl. x2
You slice the wolf!!
You kill the wolf!
Okawaru accepts your kill.
The black bear rages.
You block the black bear's attack. The black bear misses you.
You block the black bear's attack.
You gain the combat prowess of a mighty hero.
You block the black bear's attack. x2; The black bear barely misses you.
You slice the black bear!!
You kill the black bear!
Okawaru accepts your kill. The hell hound breathes flames at you.
The blast of flame hits you! The fire burns you terribly!
You die...

### ##### ##.# ##
#...# #†## ##.
#...## ##%# ##..
##....####..###...
#.h....##....##...
##†h....†..#...†..
#@#......†##...†..
####...######..#.#
##.#.# #..###
#P#.#.# #### ##
.h%.# .....# ##
.{..## ##. .(##
##.. #...


You could see a hell hound and a black bear.

Vanquished Creatures
  Nessos (Lair:5)
  Snorg (Lair:4)
  Fannar (Lair:3)
  6 death yaks (Lair:3)
  A lindwurm (Volcano)
  The ghost of p0werm0de the Fighter, a novice DsCK of Dithmenos (Lair:1)
  A hill giant (D:10)
  Pikel (D:6)
  An oklob plant (Lair:3)
  2 black mambas
  A siren (Lair:3)
  An elephant (Lair:5)
  2 molten gargoyles (Volcano)
  Psyche (D:9)
  10 komodo dragons
  8 spiny frogs
  2 trolls
  A queen bee (D:10)
  A hornet (D:7)
  4 blink frogs
  5 polar bears (Lair:6)
  3 raiju (Lair:6)
  4 hippogriffs
  Sigmund (D:5)
  The ghost of graki42 the Cudgeler, an amateur OgGl (D:4)
  A spriggan (D:8)
  A wyvern (D:10)
  35 yaks
  6 fire bats (Volcano)
  3 hungry ghosts
  Menkaure (D:6)
  2 mottled dragons (Volcano)
  6 wargs (Lair:6)
  9 water moccasins
  4 hell hounds (Lair:6)
  14 porcupines
  6 orc warriors
  7 black bears
  2 ice beasts
  4 slaves (D:6)
  2 phantoms
  7 ogres
  5 sky beasts
  10 wolves (Lair:6)
  6 crocodiles
  3 big kobolds
  14 bullfrogs
  A wyvern skeleton (D:9)
  2 scorpions
  32 killer bees
  9 wights
  5 crimson imps
  A howler monkey (D:9)
  A lava snake (Volcano)
  2 quasits
  18 hounds
  A jelly (D:7)
  A bullfrog skeleton (D:10)
  11 orc priests
  Crazy Yiuf (D:5)
  A centaur skeleton (D:5)
  3 iguanas
  12 orc wizards
  7 hell rats (Lair:5)
  6 worker ants
  2 worker ant zombies
  A howler monkey zombie (D:10)
  5 gnolls
  9 adders
  A howler monkey skeleton (D:8)
  3 shadow imps
  An ooze (D:3)
  3 worms
  6 dart slugs
  2 leopard geckos
  45 orcs
  2 ball pythons
  A giant cockroach (D:2)
  8 goblins
  6 hobgoblins
  2 jackals (D:2)
  22 kobolds
  9 quokkas
  7 bats
  3 frilled lizards
  3 leopard gecko skeletons
  5 rats
  2 bushes (Lair:5)
  A plant (Lair:6)
472 creatures vanquished.

Vanquished Creatures (collateral kills)
  A fire bat (Volcano)
1 creature vanquished.

Vanquished Creatures (others)
  2 jackals (D:10)
  A fungus (Lair:4)
  10 plants
13 creatures vanquished.

Grand Total: 486 creatures vanquished

Notes
Turn   | Place    | Note
-------+----------+-------------------------------------------
     0 | D:1      | kae the Formicid Fighter began the quest for the Orb.
     0 | D:1      | Reached XP level 1. HP: 18/18 MP: 1/1
   172 | D:1      | Reached XP level 2. HP: 16/24 MP: 2/2
   340 | D:1      | Reached XP level 3. HP: 29/29 MP: 3/3
  1259 | D:1      | Reached skill level 3 in Long Blades
  1259 | D:1      | Reached XP level 4. HP: 7/36 MP: 4/4
  1908 | D:3      | Reached XP level 5. HP: 41/42 MP: 5/5
  1924 | D:3      | Found a shadowy altar of Dithmenos.
  1925 | D:3      | Found a basalt altar of Yredelemnul.
  1926 | D:3      | Found a deep blue altar of Sif Muna.
  1927 | D:3      | Found an iron altar of Okawaru.
  1927 | D:3      | Found a shimmering altar of Xom.
  1927 | D:3      | Found a blossoming altar of Fedhas.
  1930 | D:3      | Found a hide-covered altar of Uskayaw.
  1941 | D:3      | Became a worshipper of Warmaster Okawaru
  2276 | D:3      | Reached skill level 5 in Shields
  2555 | D:4      | Noticed an ogre
  2567 | D:4      | Killed an ogre
  2567 | D:4      | Reached skill level 4 in Long Blades
  2567 | D:4      | Reached skill level 1 in Invocations
  2567 | D:4      | Reached XP level 6. HP: 39/49 MP: 5/7
  2715 | D:4      | Found Tuokud's Antique Weapon Boutique.
  2720 | D:4      | Bought a glowing falchion for 78 gold pieces
  2748 | D:4      | Noticed an ogre
  2769 | D:4      | Killed an ogre
  2769 | D:4      | Reached XP level 7. HP: 30/55 MP: 8/8
  2956 | D:4      | Reached * piety under Okawaru
  2983 | D:4      | Reached skill level 5 in Long Blades
  2986 | D:4      | Reached skill level 5 in Fighting
  3194 | D:4      | Noticed graki42's ghost (amateur OgGl)
  3203 | D:4      | Killed graki42's ghost
  3308 | D:4      | Found a staircase to the Ecumenical Temple.
  3510 | D:5      | Entered Level 5 of the Dungeon
  3535 | D:5      | Reached XP level 8. HP: 40/62 MP: 10/10
  3558 | D:5      | Reached ** piety under Okawaru
  3773 | D:5      | Reached skill level 6 in Long Blades
  3872 | D:5      | Found a bloodstained altar of Trog.
  3939 | D:5      | Noticed Sigmund
  3946 | D:5      | Killed Sigmund
  4098 | D:5      | Found a runed door.
  4217 | D:5      | Noticed Crazy Yiuf
  4222 | D:5      | Killed Crazy Yiuf
  4431 | D:6      | Noticed Pikel
  4450 | D:6      | Killed Pikel
  4450 | D:6      | Reached *** piety under Okawaru
  4450 | D:6      | Reached skill level 7 in Long Blades
  4450 | D:6      | Reached skill level 5 in Invocations
  4450 | D:6      | Reached XP level 9. HP: 50/70 MP: 12/12
  4936 | D:6      | Noticed Menkaure
  4941 | D:6      | Killed Menkaure
  5436 | D:7      | Reached skill level 8 in Long Blades
  5770 | D:7      | Noticed a hornet
  5785 | D:7      | Killed a hornet
  5785 | D:7      | Reached XP level 10. HP: 55/79 MP: 14/14
  6035 | D:7      | Reached **** piety under Okawaru
  6515 | D:8      | Reached skill level 9 in Long Blades
  6532 | D:8      | Received a gift from Okawaru
  7267 | D:9      | Noticed Psyche
  7283 | D:9      | Killed Psyche
  7283 | D:9      | Reached ***** piety under Okawaru
  7583 | D:9      | Reached skill level 10 in Long Blades
  7740 | D:9      | Reached XP level 11. HP: 84/87 MP: 16/16
  7772 | D:9      | Found Ukesch's Distillery.
  7823 | D:9      | Bought a potion of might for 64 gold pieces
  7823 | D:9      | Bought a potion of agility for 64 gold pieces
  7824 | D:9      | Gained mutation: Your muscles are strong. (Str +2) [potion of beneficial mutation]
  8411 | D:9      | Found a roughly hewn altar of Beogh.
  8539 | D:10     | Entered Level 10 of the Dungeon
  8864 | D:10     | Received a gift from Okawaru
  8869 | D:10     | Got a brightly glowing cloak {god gift}
  8880 | D:10     | Identified the +0 cloak of Efifuuhuq {-Tele rElec rF- Dex+7} (Okawaru gifted it to you on level 10 of the Dungeon)
  9298 | D:10     | Noticed a hill giant
  9317 | D:10     | Killed a hill giant
  9974 | D:10     | Reached skill level 11 in Long Blades
 10016 | D:10     | Reached skill level 10 in Shields
 10130 | D:10     | Noticed a lindwurm
 10235 | D:10     | Noticed a lindwurm
 10236 | D:10     | Noticed a lindwurm
 10236 | D:10     | Noticed a lindwurm
 11022 | D:10     | Found a staircase to the Lair.
 11183 | Lair:1   | Entered Level 1 of the Lair of Beasts
 11186 | Lair:1   | Identified a scroll of acquirement
 11408 | Lair:1   | Reached XP level 12. HP: 97/97 MP: 18/18
 11445 | Lair:1   | Reached skill level 10 in Fighting
 11574 | Lair:1   | Noticed p0werm0de's ghost (novice DsCK)
 11584 | Lair:1   | Killed p0werm0de's ghost
 11590 | Lair:1   | Received a gift from Okawaru
 11590 | Lair:1   | Reached skill level 12 in Long Blades
 12001 | Lair:1   | Noticed a six-headed hydra
 12007 | Lair:1   | You fall through a shaft!
 12141 | Lair:2   | Reached skill level 10 in Invocations
 12376 | Lair:2   | Received a gift from Okawaru
 13072 | Lair:3   | Reached skill level 13 in Long Blades
 13075 | Lair:3   | Found a staircase to the Shoals.
 13187 | Lair:3   | Noticed a five-headed hydra
 13230 | Lair:3   | Noticed Fannar
 13344 | Lair:3   | Reached XP level 13. HP: 93/104 MP: 20/20
 13366 | Lair:3   | Killed Fannar
 13498 | Lair:3   | Reached skill level 14 in Long Blades
 13514 | Lair:3   | Reached ****** piety under Okawaru
 13777 | Lair:3   | Reached skill level 15 in Long Blades
 13942 | Lair:4   | Noticed Nessos
 14008 | Lair:4   | Found a dark tunnel.
 14023 | Volcano  | Entered a volcano
 14274 | Volcano  | Found a radiant altar of Vehumet.
 14605 | Volcano  | Received a gift from Okawaru
 14608 | Volcano  | Got a crystal scimitar {god gift}
 14609 | Volcano  | Identified the +2 scimitar "Okhuysy" {slice, Dex+5} (Okawaru gifted it to you in a volcano)
 14711 | Lair:4   | Noticed Snorg
 14718 | Lair:4   | Killed Snorg
 15154 | Lair:4   | Noticed a five-headed hydra
 15157 | Lair:4   | You fall through a shaft!
 15157 | Lair:5   | Found a staircase to the Slime Pits.
 15157 | Lair:5   | Found a viscous altar of Jiyva.
 15231 | Lair:5   | Reached skill level 16 in Long Blades
 15478 | Lair:5   | Noticed a four-headed hydra
 15947 | Lair:5   | Reached XP level 14. HP: 104/111 MP: 21/21
 16078 | Lair:5   | Killed Nessos
 16578 | Lair:6   | Entered Level 6 of the Lair of Beasts
 16650 | Lair:6   | Received a gift from Okawaru
 16673 | Lair:6   | Identified a +2 pair of boots of running (Okawaru gifted it to you on level 6 of the Lair of Beasts)
 16745 | Lair:6   | Reached skill level 17 in Long Blades
 16824 | Lair:6   | Killed from afar by a hell hound

Vault maps used:
D:1:      roderic_lyre, grunt_decor_mini_mirrors, st_stairs_8,
          minmay_pentomino_w2
D:3:      grunt_temple_overflow_open
D:4:      serial_shops, nicolae_shop_stone
D:5:      bloody_trog, first_bread, uniq_crazy_yiuf_cottage, uniq_sigmund
D:6:      uniq_pikel, uniq_menkaure
D:8:      serial_glass, glass_columns_a, glass_columns_b, the_bakery,
          minmay_misc_feat_tiny, minmay_misc_feat_plants,
          hangedman_decor_riveting
D:9:      serial_shops, nicolae_shop_behind_doors, uniq_psyche
D:10:     lair_0_dummy, special_room, minmay_lindwurm_lava
Lair:1:   grunt_megastairs_3, serial_bayou_shore_a
Lair:2:   columned_hall_lemuel, beast_lair_carwin_2
Lair:3:   minmay_shoals_entry_lonely_mermaid, uniq_fannar
Lair:4:   dummy_spider_entry, nicolae_volcano_entry_lava_flow, minivault_25,
          grunt_forest_small_clearing_treed, uniq_snorg, uniq_nessos
Lair:5:   slime_altar_1, lab_entry_generic, serial_forest,
          infiniplex_forest_clump_medium, infiniplex_forest_straight_1,
          infiniplex_forest_straight_2, infiniplex_forest_clump_medium,
          infiniplex_forest_split, infiniplex_forest_zigzag_1,
          infiniplex_forest_corner_1, st_stairs_3
Lair:6:   hangedman_lair_caniforms_friends, guppyfry_lair_end_dragon,
          basic_altar, serial_bayou_pond_e
Volcano:  volcano_lake

Skill      XL: |  1  2  3  4  5  6  7  8  9 10 11 12 13 14 |
---------------+-------------------------------------------+-----
Shields        | 4 5 6 7 8 9 10 11 | 11.0
Long Blades    | 3 4 5 7 8 10 11 13 16 17 | 17.3
Fighting       | 4 5 6 7 8 9 10 | 10.6
Invocations    | 1 2 3 5 6 7 9 10 | 10.2
Armour         | |  3.2

Action                   |  1- 3 |  4- 6 |  7- 9 | 10-12 | 13-15 || total
-------------------------+-------+-------+-------+-------+-------++-------
Melee: Long sword        |    74 |   132 |       |       |       ||   206
       Falchion          |       |    18 |   268 |   746 |       ||  1032
       Double sword      |       |       |       |   127 |       ||   127
       Triple sword      |       |       |       |    35 |   329 ||   364
Invok: Heroism           |       |       |       |    10 |     9 ||    19
       Finesse           |       |       |       |       |     1 ||     1
 Abil: Dig               |       |     1 |     2 |    13 |     8 ||    24
       Shaft Self        |       |       |       |     1 |     1 ||     2
  Use: Potion            |       |     2 |       |     4 |       ||     6
       Scroll            |       |       |    16 |     8 |     8 ||    32
 Stab: Invisible         |       |     1 |       |       |       ||     1
       Distracted        |       |       |     1 |       |       ||     1
  Eat: Chunk             |     1 |     5 |    10 |    40 |    15 ||    71
Armor: Scale mail        |    34 |    43 |    60 |   147 |    90 ||   374
       Skin              |       |     4 |       |       |       ||     4
       Ring mail         |       |       |       |       |     9 ||     9
Dodge: Dodged            |    26 |    44 |    80 |   252 |   144 ||   546
Block: Shield            |    45 |    65 |   118 |   418 |   232 ||   878
       Rpst.: Long sword |    13 |    11 |       |       |       ||    24
       Falchion          |       |     1 |    21 |    59 |       ||    81
       Double sword      |       |       |       |    13 |       ||    13
       Triple sword      |       |       |       |     3 |    36 ||    39
